 Dungeon Crawl Stone Soup version 0.18.1-6-gd335043 (webtiles) character file.

70009 Mefis the Placeless Elf (level 14, -1/67 (68) HPs)
             Began as a Deep Elf Wizard on May 16, 2016.
             Was a High Priest of Sif Muna.
             Killed from afar by a guardian serpent (26 damage)
             ... with a bolt of poison
             ... on level 8 of the Lair of Beasts on May 17, 2016.
             The game lasted 03:14:34 (32961 turns).

Mefis the Placeless Elf (Deep Elf Wizard)          Turns: 32961, Time: 03:14:38

HP:   -1/67 (68)    AC: 12    Str:  5    XL:     14   Next: 92%
MP:   39/50         EV: 19    Int: 32    God:    Sif Muna [*****.]
Gold: 1388          SH:  5    Dex: 18    Spells: 12 memorised, 2 levels left

rFire  . . .     SeeInvis .     l - +3 dagger
rCold  . . .     Gourm    .     n - +2 troll leather armour
rNeg   . . .     Faith    +     W - +0 buckler
rPois  .         Spirit   .     K - +1 helmet
rElec  .         Dismiss  .     M - +0 cloak
rCorr  .         Reflect  .     r - +0 pair of gloves
SustAt .         Harm     .     (no boots)
MR     +....                    Y - amulet "Kausmy" {Faith Dex+3}
Stlth  ++++......               y - ring of magical power
                                z - ring of Nocsoifu {MP+9 Int+4 Stlth-}

@: lethally poisoned (-1 -> -25), repel missiles, somewhat resistant to hostile
enchantments, stealthy
A: thin skeletal structure 1
a: Channel Energy, Forget Spell, Renounce Religion


You were on level 8 of the Lair of Beasts.
You worshipped Sif Muna.
Sif Muna was extremely pleased with you.
You were not hungry.

You visited 3 branches of the dungeon, and saw 20 of its levels.
You also visited: Ice Cave.

You collected 1798 gold pieces.
You spent 410 gold pieces at shops.

Inventory:

Hand Weapons
 l - a +3 dagger (weapon)
Armour
 n - a +2 troll leather armour (worn)
 r - a +0 pair of gloves (worn)
 K - a +1 helmet (worn)
 M - a +0 cloak (worn)
 W - a +0 buckler (worn)
Jewellery
 b - a cursed ring of fire
 y - a ring of magical power (right hand)
 z - the ring of Nocsoifu (left hand) {MP+9 Int+4 Stlth-}
   (You found it on level 6 of the Lair of Beasts)

   [ring of loudness]

   It affects your intelligence (+4).
   It affects your magic capacity (+9).
   It makes you less stealthy.
 Y - the amulet "Kausmy" (around neck) {Faith Dex+3}
   (You found it in an ice cave)

   [amulet of faith]

   It allows you to gain divine favour quickly.
   It affects your dexterity (+3).
Wands
 o - a wand of digging (12/24)
 A - a wand of digging (5/24)
Scrolls
 a - 4 scrolls of identify
 d - 2 scrolls of fear
 e - 13 scrolls of remove curse
 f - 9 scrolls of teleportation
 h - a scroll of amnesia
 t - a scroll of torment
 X - 2 scrolls of blinking
Potions
 g - 11 potions of curing
 i - 5 potions of agility
 m - a potion of resistance
 x - a potion of heal wounds
 D - 3 potions of haste
 E - 3 potions of magic
 O - a potion of ambrosia
 R - a potion of invisibility
Books
 c - a book of Minor Magic

   Spells                             Type                      Level
   a - Magic Dart                     Conjuration                  1
   b - Blink                          Translocation                2
   c - Call Imp                       Summoning                    2
   d - Repel Missiles                 Charms/Air                   2
   e - Slow                           Hexes                        2
   f - Conjure Flame                  Conjuration/Fire             3
   g - Mephitic Cloud                 Conjuration/Poison/Air       3
 k - Keris's Reference Book on the Frostbite and Self-Improvement
   (Sif Muna gifted it to you on level 2 of the Lair of Beasts)

   Spells                             Type                      Level
   a - Infusion                       Charms                       1
   b - Song of Slaying                Charms                       2
   c - Ozocubu's Armour               Charms/Ice                   3
   d - Regeneration                   Charms/Necromancy            3
   e - Throw Icicle                   Conjuration/Ice              4
 q - the Volume of Assistive Summoning
   (You found it on level 8 of the Lair of Beasts)

   Spells                             Type                      Level
   a - Recall                         Summoning/Translocation      3
   b - Summon Lightning Spire         Summoning/Air                4
   c - Shadow Creatures               Summoning                    6
   d - Spellforged Servitor           Conjuration/Summoning        7
 s - a book of Power

   Spells                             Type                      Level
   a - Fulminant Prism                Conjuration/Hexes            4
   b - Iskenderun's Mystic Blast      Conjuration                  4
   c - Venom Bolt                     Conjuration/Poison           5
   d - Bolt of Magma                  Conjuration/Fire/Earth       5
   e - Iron Shot                      Conjuration/Earth            6
   f - Orb of Destruction             Conjuration                  7
   g - Spellforged Servitor           Conjuration/Summoning        7
 w - the Disquisition on Black Rites and Changing
   (You found it on level 2 of the Lair of Beasts)

   Spells                             Type                      Level
   a - Beastly Appendage              Transmutation                1
   b - Corpse Rot                     Necromancy                   2
   c - Irradiate                      Conjuration/Transmutation    5
   d - Death Channel                  Necromancy                   6
   e - Statue Form                    Transmutation/Earth          6
 B - Sif Muna's Collected Works on Illusion and Protection
   (Sif Muna gifted it to you on level 5 of the Lair of Beasts)

   Spells                             Type                      Level
   a - Summon Butterflies             Summoning                    1
   b - Shroud of Golubria             Charms/Translocation         2
   c - Swiftness                      Charms/Air                   2
   d - Warp Weapon                    Charms/Translocation         5
   e - Summon Demon                   Summoning                    5
   f - Deflect Missiles               Charms/Air                   6
   g - Death's Door                   Charms/Necromancy            8
   h - Summon Horrible Things         Summoning                    8
 C - an Akashic Record

   Spells                             Type                      Level
   a - Dispersal                      Translocation                6
   b - Malign Gateway                 Summoning/Translocation      7
   c - Disjunction                    Translocation                8
   d - Controlled Blink               Translocation                8
 I - a book of Summonings

   Spells                             Type                      Level
   a - Recall                         Summoning/Translocation      3
   b - Aura of Abjuration             Summoning                    5
   c - Summon Demon                   Summoning                    5
   d - Summon Forest                  Summoning/Translocation      5
   e - Summon Mana Viper              Hexes/Summoning              5
   f - Shadow Creatures               Summoning                    6
 L - a book of Ice

   Spells                             Type                      Level
   a - Ice Form                       Ice/Transmutation            4
   b - Metabolic Englaciation         Hexes/Ice                    5
   c - Ozocubu's Refrigeration        Ice                          6
   d - Bolt of Cold                   Conjuration/Ice              6
   e - Freezing Cloud                 Conjuration/Ice/Air          6
   f - Simulacrum                     Ice/Necromancy               6
 Q - a book of Fire

   Spells                             Type                      Level
   a - Ignite Poison                  Fire/Transmutation/Poison    3
   b - Fireball                       Conjuration/Fire             5
   c - Bolt of Fire                   Conjuration/Fire             6
   d - Delayed Fireball               Conjuration/Fire             7
   e - Ring of Flames                 Charms/Fire                  7
Miscellaneous
 G - a disc of storms
Comestibles
 j - 4 chunks of flesh
 p - 14 royal jellies
 u - a meat ration
 v - 4 beef jerkies
 J - 3 fruits
 S - 9 slices of pizza


   Skills:
 * Level 7.2 Armour
 + Level 10.7 Dodging
 - Level 11.0 Stealth
 - Level 4.4 Shields
 + Level 12.1 Spellcasting
 + Level 9.9 Conjurations
 - Level 4.7 Hexes
 + Level 10.9 Charms
 * Level 7.5 Summonings
 + Level 4.0 Necromancy
 * Level 12.3 Translocations
 - Level 3.0 Fire Magic
 - Level 7.0 Poison Magic
 + Level 4.1 Invocations


You had 2 spell levels left.
You knew the following spells:

 Your Spells              Type           Power        Failure   Level  Hunger
a - Magic Dart            Conj           ####         1%          1    None
b - Summon Butterflies    Summ           ######..     1%          1    None
c - Blink                 Tloc           N/A          1%          2    None
e - Mephitic Cloud        Conj/Pois/Air  ######..     1%          3    None
g - Slow                  Hex            #####...     1%          2    None
i - Dispersal             Tloc           #######...   4%          6    ####...
m - Iskenderun's Battles  Conj/Chrm      ######..     1%          5    #......
n - Summon Forest         Summ/Tloc      ######....   1%          5    #......
o - Regeneration          Chrm/Necr      ######....   1%          3    None
p - Repel Missiles        Chrm/Air       ######       1%          2    None
x - Swiftness             Chrm/Air       ######..     1%          2    None
Q - Ignite Poison         Fire/Trmt/Pois #####...     3%          3    None


Dungeon Overview and Level Annotations

Branches:
Dungeon (11/15)            Temple (1/1) D:4            Lair (8/8) D:11
 Shoals (0/4) Lair:5       Spider (0/4) Lair:6        Slime (0/6) Lair:7
    Orc: D:9-12

Altars:
Ashenzari
Cheibriados
Dithmenos
Elyvilon
Fedhas
Gozag
Kikubaaqudgha
Makhleb
Nemelex Xobeh
Okawaru
Pakellas
Qazlal
Ru
Sif Muna
Trog
Vehumet
Xom
Yredelemnul
Zin
The Shining One
Jiyva

Shops:
D:5 :   D:9 !

Annotations:
D:6 CrazyArbalest's ghost, novice MiHu
D:11 death knight, Yehuk's ghost, journeyman GrFi


Innate Abilities, Weirdness & Mutations

You have a somewhat thin skeletal structure (Dex +2, Stealth).


Message History

The black mamba disappears!
The spiny frog disappears!
Your battlesphere blinks!
You feel very sick.
The guardian serpent hits the fungus!
The guardian serpent casts a spell at you.
The bolt of poison hits the fungus.
The bolt of poison hits you!
You are more poisoned.
You feel sick.
You feel very sick.
You feel sick.
You see here 26 stones.
You feel sick.
You feel very sick.
You feel sick.
The guardian serpent coils itself and waves its upper body at you.
The bolt of poison hits your battlesphere.
Your battlesphere completely resists.
The bolt of poison hits you!
You are more poisoned.
You die...

.#####....#####......†P..## .
#..PP..# .[........## .
#...P..## ...........##
.#####.†....###....P.......#
##..###P.#†.S.###.........#.#
...## #§S#.##(..###.......###
..## #. #..##....###.....##
.## #. ##..##*....#......# ##
. #...##@........### # #.
##...##...P.....#
#....##.......###
##....##....†.#.##
#..?.##...#..#..#
##.P.P†...#....P.## .
#P.P......##P.....# ..
#....#....####PP.P.# ..
##.#####.## ##P......


You could see a guardian serpent and a friendly battlesphere.

Vanquished Creatures
  Snorg (D:11)
  The ghost of CrazyArbalest the Quickloader, a journeyman MiHu of Okawaru (Lair:3)
  3 ice dragons
  Erolcha (D:8)
  5 hydras
  Erica (Lair:2)
  An ogre mage (D:11)
  A death knight (D:10)
  7 death yaks
  Sonja (D:11)
  A hill giant (D:10)
  An orb spider (Lair:6)
  2 ugly things
  A griffon (Lair:7)
  9 elephants
  4 black mambas (Lair:8)
  18 spiny frogs
  2 ice statues (IceCv)
  8 rime drakes
  8 komodo dragons
  A freezing wraith (D:10)
  19 polar bears
  5 trolls
  3 two-headed ogres
  3 raiju (Lair:8)
  A snapping turtle (Lair:5)
  13 blink frogs
  A spriggan (Lair:6)
  37 yaks
  A human (D:7)
  A basilisk (Lair:2)
  9 wyverns
  2 hungry ghosts
  10 hippogriffs
  7 wargs (Lair:8)
  The ghost of ololoev the Slasher, an amateur HESk (D:3)
  19 water moccasins
  5 hell hounds (Lair:8)
  10 porcupines
  4 orc warriors
  18 ice beasts
  3 phantoms
  A sky beast (D:6)
  4 wasps
  9 ogres
  24 black bears
  2 necrophages
  50 wolves
  15 crocodiles
  9 centaurs
  2 big kobolds
  10 giant frogs
  A gnoll sergeant (D:8)
  A wyvern zombie (D:10)
  A scorpion (D:4)
  13 wights
  4 electric eels
  3 howler monkeys
  5 crimson imps
  3 centaur zombies
  2 giant frog zombies
  17 hounds
  A quasit (D:11)
  2 giant frog skeletons
  3 orc priests
  4 orc wizards
  A centaur skeleton (D:8)
  Terence (D:2)
  8 iguanas
  13 worker ants
  15 sheep
  A hound zombie (D:5)
  2 hound skeletons (D:4)
  A worker ant zombie (D:7)
  7 gnolls
  38 river rats
  22 adders
  A shadow imp (D:9)
  3 oozes
  An adder skeleton (D:5)
  3 worms
  3 dart slugs
  7 giant geckos
  31 orcs
  2 ball pythons
  4 giant cockroaches
  2 gnoll zombies (D:7)
  12 goblins
  10 hobgoblins
  17 jackals
  8 quokkas
  12 bats
  4 giant newts
  A jackal skeleton (D:9)
  A jackal zombie (D:5)
  19 kobolds
  A quokka skeleton (D:6)
  7 rats
  2 butterflies (Lair:8)
  A fulminant prism (D:10)
  A fungus (Lair:2)
  6 plants
703 creatures vanquished.

Vanquished Creatures (collateral kills)
  A death knight (D:11)
  2 phantasmal warriors
  A freezing wraith (D:11)
  Sigmund (D:2)
  2 wraiths (D:11)
  A black bear (D:11)
  An ogre (D:10)
  2 wolves (Lair:6)
  A centaur zombie (D:10)
  An orc priest (D:8)
  Robin (D:2)
  2 gnolls
  3 orcs
  A giant cockroach (D:2)
  2 goblins (D:2)
  A hobgoblin (D:2)
  2 giant newts
  A bush (Lair:6)
  A fungus (Lair:6)
27 creatures vanquished.

Vanquished Creatures (others)
  16 fulminant prisms
  36 fungi
  37 plants
  2 snaplasher vines (D:11)
  340 snaplasher vine segments
431 creatures vanquished.

Grand Total: 1161 creatures vanquished

Notes
Turn   | Place    | Note
--------------------------------------------------------------
     0 | D:1      | Mefis the Deep Elf Wizard began the quest for the Orb.
     0 | D:1      | Reached XP level 1. HP: 10/10 MP: 7/7
   496 | D:1      | Reached XP level 2. HP: 13/15 MP: 5/9
   500 | D:1      | Learned a level 2 spell: Call Imp
   503 | D:1      | Learned a level 2 spell: Blink
   506 | D:1      | Learned a level 2 spell: Repel Missiles
   731 | D:1      | Found a snail-covered altar of Cheibriados.
  1329 | D:1      | Reached XP level 3. HP: 19/19 MP: 3/11
  1445 | D:2      | Noticed Sigmund
  1445 | D:2      | Noticed Terence
  1451 | D:2      | Learned a level 3 spell: Mephitic Cloud
  1561 | D:1      | Reached skill level 5 in Spellcasting
  1764 | D:2      | Noticed Robin
  1813 | D:2      | Killed Robin
  1839 | D:2      | Reached XP level 4. HP: 11/24 MP: 1/13
  2209 | D:2      | Learned a level 3 spell: Conjure Flame
  2238 | D:2      | Killed Sigmund
  2238 | D:2      | Reached skill level 1 in Fire Magic
  2238 | D:2      | Reached XP level 5. HP: 26/28 MP: 2/15
  2365 | D:2      | Killed Terence
  3064 | D:3      | Noticed ololoev's ghost (amateur HESk)
  3098 | D:3      | Killed ololoev's ghost
  3098 | D:3      | Reached XP level 6. HP: 32/32 MP: 1/16
  3589 | D:3      | Learned a level 2 spell: Slow
  4311 | D:4      | Found a staircase to the Ecumenical Temple.
  4331 | Temple   | Entered the Ecumenical Temple
  4456 | Temple   | Became a worshipper of Sif Muna the Loreminder
  4508 | D:4      | Found a bloodstained altar of Trog.
  4517 | D:4      | Found a stormy altar of Qazlal.
  4517 | D:4      | Found a sacrificial altar of Ru.
  4673 | D:4      | Reached skill level 1 in Poison Magic
  4673 | D:4      | Reached XP level 7. HP: 36/36 MP: 18/18
  4847 | D:4      | Found a shadowy altar of Dithmenos.
  5386 | D:4      | Reached skill level 5 in Stealth
  5662 | D:5      | Entered Level 5 of the Dungeon
  5810 | D:5      | Found a burning altar of Makhleb.
  5810 | D:5      | Found a radiant altar of Vehumet.
  6056 | D:5      | Found Jatz's Book Shop.
  6174 | D:5      | Found a bloodstained altar of Trog.
  6193 | D:5      | You fall through a shaft!
  6246 | D:6      | Found an iron altar of Okawaru.
  6910 | D:6      | Reached skill level 5 in Dodging
  7037 | D:6      | Noticed CrazyArbalest's ghost (novice MiHu)
  7040 | D:6      | Gained mutation: You have a somewhat thin skeletal structure (Dex +2, Stealth). [mutagenic meat]
  7195 | D:5      | Reached * piety under Sif Muna
  7321 | D:5      | Reached XP level 8. HP: 41/41 MP: 14/19
  8291 | D:7      | Learned a level 5 spell: Summon Forest
  8400 | D:6      | Reached ** piety under Sif Muna
  8728 | D:6      | Reached skill level 5 in Translocations
  8728 | D:6      | Reached XP level 9. HP: 45/45 MP: 4/22
  9301 | D:7      | Learned a level 3 spell: Ignite Poison
  9460 | D:7      | Found a basalt altar of Yredelemnul.
  9837 | D:7      | Reached *** piety under Sif Muna
 10264 | D:7      | Found a white marble altar of Elyvilon.
 10264 | D:7      | Found a glowing silver altar of Zin.
 10428 | D:7      | Found a glowing golden altar of the Shining One.
 10503 | D:8      | Reached skill level 5 in Poison Magic
 10704 | D:8      | Reached skill level 5 in Summonings
 10824 | D:8      | Noticed Erolcha
 10838 | D:8      | Killed Erolcha
 10838 | D:8      | Reached **** piety under Sif Muna
 10838 | D:8      | Reached XP level 10. HP: 50/50 MP: 23/24
 11903 | D:9      | Found Cenu's Distillery.
 11922 | D:9      | Bought a potion of lignification for 30 gold pieces
 11922 | D:9      | Bought a potion of invisibility for 80 gold pieces
 11922 | D:9      | Bought a potion of haste for 100 gold pieces
 11922 | D:9      | Bought a potion of magic for 80 gold pieces
 11922 | D:9      | Bought a potion of might for 40 gold pieces
 11922 | D:9      | Bought a potion of ambrosia for 80 gold pieces
 12009 | D:9      | Reached skill level 5 in Conjurations
 12015 | D:9      | Reached skill level 1 in Shields
 12049 | D:9      | Reached skill level 1 in Hexes
 12217 | D:9      | Found a blossoming altar of Fedhas.
 12718 | D:10     | Entered Level 10 of the Dungeon
 12757 | D:10     | Reached ***** piety under Sif Muna
 13241 | D:10     | Learned a level 4 spell: Fulminant Prism
 13803 | D:11     | Reached XP level 11. HP: 54/54 MP: 19/26
 13815 | D:11     | Noticed a phantasmal warrior
 13816 | D:11     | Noticed Sonja
 14150 | D:10     | Noticed a cyan ugly thing
 14161 | D:10     | Killed a cyan ugly thing
 14384 | D:11     | Killed Sonja
 14384 | D:11     | Reached skill level 1 in Charms
 14406 | D:10     | Reached skill level 1 in Armour
 14664 | D:11     | Noticed a green ugly thing
 14688 | D:11     | Killed a green ugly thing
 14936 | D:11     | Noticed a death knight
 15019 | D:11     | Noticed Snorg
 15058 | D:11     | Killed Snorg
 15619 | D:11     | Noticed Yehuk's ghost (journeyman GrFi)
 16209 | D:11     | Noticed a death knight
 16429 | D:10     | Killed a death knight
 16429 | D:10     | Reached skill level 10 in Spellcasting
 16564 | D:11     | Found a staircase to the Lair.
 16573 | Lair:1   | Entered Level 1 of the Lair of Beasts
 16643 | Lair:1   | Learned a level 6 spell: Dispersal
 16816 | D:11     | Noticed an ogre mage
 17085 | D:11     | Noticed a phantasmal warrior
 17548 | D:10     | Killed a phantasmal warrior
 17743 | D:10     | Noticed a hill giant
 17758 | D:10     | Killed a hill giant
 18023 | D:11     | Killed an ogre mage
 18023 | D:11     | Reached XP level 12. HP: 58/58 MP: 13/28
 18070 | D:11     | Killed a death knight
 18214 | Lair:1   | Learned a level 5 spell: Iskenderun's Battlesphere
 19674 | Lair:2   | Reached ****** piety under Sif Muna
 19674 | Lair:2   | Received a gift from Sif Muna
 19703 | Lair:2   | Reached skill level 5 in Charms
 19721 | Lair:2   | Identified Keris's Reference Book on the Frostbite and Self-Improvement (Sif Muna gifted it to you on level 2 of the Lair of Beasts)
 19941 | Lair:2   | Noticed Erica
 19960 | Lair:2   | Killed Erica
 19962 | Lair:2   | Reached skill level 10 in Stealth
 20211 | Lair:2   | Identified the Disquisition on Black Rites and Changing
 20453 | Lair:2   | Reached skill level 10 in Translocations
 21185 | Lair:3   | Noticed CrazyArbalest's ghost (journeyman MiHu)
 21201 | Lair:3   | Killed CrazyArbalest's ghost
 21205 | Lair:3   | Noticed a death yak
 21211 | Lair:3   | Noticed a death yak
 21212 | Lair:3   | Noticed a death yak
 21220 | Lair:3   | Killed a death yak
 21231 | Lair:3   | Killed a death yak
 21314 | Lair:3   | Killed a death yak
 21648 | Lair:3   | Reached XP level 13. HP: 62/62 MP: 28/30
 21650 | Lair:3   | Reached skill level 5 in Armour
 24663 | Lair:5   | Found a staircase to the Shoals.
 25004 | Lair:5   | Received a gift from Sif Muna
 25018 | Lair:5   | Identified Sif Muna's Collected Works on Illusion and Protection (Sif Muna gifted it to you on level 5 of the Lair of Beasts)
 25022 | Lair:5   | Learned a level 2 spell: Swiftness
 25024 | Lair:5   | Learned a level 1 spell: Summon Butterflies
 25043 | Lair:5   | Learned a level 2 spell: Corpse Rot
 25589 | Lair:6   | Reached skill level 10 in Dodging
 25836 | Lair:6   | Found a frozen archway.
 26006 | IceCv    | Entered an ice cave
 26590 | IceCv    | Reached skill level 1 in Necromancy
 27276 | IceCv    | Got a serpentine crystal amulet
 27306 | IceCv    | Identified the amulet "Kausmy" {Faith Dex+3} (You found it in an ice cave)
 27469 | Lair:6   | Reached skill level 1 in Invocations
 27686 | Lair:6   | Found a hole to the Spider Nest.
 27895 | Lair:6   | Reached XP level 14. HP: 44/67 MP: 14/31
 28033 | Lair:6   | Got a glittering platinum ring
 28035 | Lair:6   | Identified the ring of Nocsoifu {MP+9 Int+4 Stlth-} (You found it on level 6 of the Lair of Beasts)
 29013 | Lair:3   | Reached skill level 10 in Charms
 29109 | Lair:1   | Learned a level 2 spell: Shroud of Golubria
 29120 | Lair:1   | Learned a level 3 spell: Regeneration
 29492 | Lair:7   | Found a viscous altar of Jiyva.
 29492 | Lair:7   | Found a staircase to the Slime Pits.
 30696 | Lair:8   | Entered Level 8 of the Lair of Beasts
 32433 | Lair:8   | Identified the Volume of Assistive Summoning
 32961 | Lair:8   | Killed from afar by a guardian serpent

Skill      XL: |  1  2  3  4  5  6  7  8  9 10 11 12 13 14 |
---------------+-------------------------------------------+-----
Conjurations   | 2 3 4 5 6 7 9 |  9.9
Stealth        | 3 4 5 6 7 8 9 10 11 | 11.0
Dodging        | 3 4 5 6 7 8 9 10 | 10.7
Spellcasting   | 5 6 7 8 9 10 11 12 | 12.1
Fire Magic     | 1 2 3 |  3.0
Poison Magic   | 1 3 4 5 6 7 |  7.0
Translocations | 2 5 7 8 10 11 12 | 12.3
Summonings     | 2 5 6 7 |  7.5
Shields        | 3 4 |  4.4
Hexes          | 3 4 |  4.7
Charms         | 3 6 9 10 | 10.9
Armour         | 3 4 6 7 |  7.2
Necromancy     | 1 4 |  4.0
Invocations    | 1 4 |  4.1

Action                   |  1- 3 |  4- 6 |  7- 9 | 10-12 | 13-15 || total
-------------------------+-------+-------+-------+-------+-------++-------
Melee: Unarmed           |    10 |       |       |       |       ||    10
       Short sword       |    28 |    69 |     1 |       |       ||    98
       Dagger            |       |       |    40 |    51 |    33 ||   124
 Cast: Magic Dart        |    86 |   130 |   437 |   503 |   783 ||  1939
       Call Imp          |     8 |    16 |     7 |    14 |       ||    45
       Blink             |     2 |       |     8 |    38 |     6 ||    54
       Repel Missiles    |     1 |       |     2 |     2 |       ||     5
       Mephitic Cloud    |     3 |     8 |    27 |   148 |    96 ||   282
       Conjure Flame     |       |       |    24 |    47 |       ||    71
       Ignite Poison     |       |       |     9 |    89 |    63 ||   161
       Summon Forest     |       |       |     1 |     9 |     1 ||    11
       Fulminant Prism   |       |       |       |    17 |       ||    17
       Slow              |       |       |       |     2 |    10 ||    12
       Iskenderun's Batt |       |       |       |    37 |   146 ||   183
       Dispersal         |       |       |       |       |    10 ||    10
       Corpse Rot        |       |       |       |       |     1 ||     1
       Swiftness         |       |       |       |       |     3 ||     3
       Regeneration      |       |       |       |       |     2 ||     2
Invok: Channel Energy    |       |       |       |    79 |    54 ||   133
       Forget Spell      |       |       |       |     2 |     1 ||     3
  Use: Scroll            |       |       |     5 |    11 |    11 ||    27
       Potion            |       |       |       |     3 |       ||     3
 Stab: Sleeping          |     2 |     3 |     9 |     3 |     4 ||    21
       Confused          |       |     8 |     2 |     1 |     1 ||    12
  Eat: Chunk             |     2 |     9 |    17 |    15 |    34 ||    77
       Bread ration      |       |       |     1 |     6 |     1 ||     8
       Pizza             |       |       |       |     1 |     1 ||     2
       Meat ration       |       |       |       |     2 |     2 ||     4
Armor: Robe              |    16 |    10 |    11 |    11 |       ||    48
       Troll leather arm |       |       |       |    14 |    75 ||    89
Dodge: Dodged            |   119 |    65 |   119 |   225 |   334 ||   862
       Deflected         |       |     2 |     2 |     1 |     2 ||     7
Block: Buckler           |       |       |       |    54 |   112 ||   166
